 Dungeon Sprint DCSS version 0.21-a0-272-g984ae92 (webtiles) character file.

2788 Kidiri the Covert (level 9, -13/47 HPs)
             Began as a Spriggan Enchanter on Sept 15, 2017.
             Was a High Priest of Dithmenos.
             Killed by angry trees
             ... awakened by a spriggan druid
              (17 damage)
             ... in the Dungeon (Sprint IV: "Fedhas' Mad Dash").
             The game lasted 00:05:45 (1583 turns).

Kidiri the Covert (Spriggan Enchanter)              Turns: 1583, Time: 00:05:46

Health: -13/47     AC: 10    Str:  4    XL:     9   Next: 43%
Magic:  1/24       EV: 28    Int: 18    God:    Dithmenos [*****.]
Gold:   149        SH:  0    Dex: 18    Spells: 17/29 levels left

rFire    . . .     SeeInvis +   l - +0 dagger (protect)
rCold    . . .     Gourm    .   (shield restricted)
rNeg     . . .     Faith    .   b - +1 robe
rPois    .         Spirit   .   (helmet restricted)
rElec    .         Reflect  .   (no cloak)
rCorr    .         Harm     .   (gloves unavailable)
MR       +....     NoTele   +   (boots unavailable)
Stlth    +++++++++.             i - amulet of invisibility {+Inv}
HPRegen  0.15/turn              (no ring)
MPRegen  0.19/turn              (no ring)

@: protection aura, wreathed by umbra, drained, very quick
A: unfitting armour, see invisible, herbivore 3, speed 3, slow metabolism 2
a: Shadow Step, Shadow Form, Renounce Religion, Evoke Invisibility


You were in the Dungeon.
You worshipped Dithmenos.
Dithmenos was extremely pleased with you.
You were full.

You visited 1 branch You collected 149 gold pieces.

Inventory:

Hand Weapons
 k - a +0 rapier
 l - a +0 dagger of protection (weapon)
Armour
 b - a +1 robe (worn)
Jewellery
 i - the amulet of invisibility (around neck) {+Inv}
   (You found it in the Dungeon)

   [amulet of nothing]

   It lets you turn invisible.
Scrolls
 f - 3 scrolls of torment {unknown}
 j - a scroll of blinking
Potions
 a - a potion of heal wounds
 e - a potion of curing
 g - a potion of haste
 h - a potion of magic
Books
 c - a book of Maledictions

   Spells                             Type                      Level
   a - Corona                         Hexes                        1
   b - Ensorcelled Hibernation        Hexes/Ice                    2
   c - Confuse                        Hexes                        3
   d - Tukima's Dance                 Hexes                        3
   e - Dazzling Spray                 Conjuration/Hexes            3
Comestibles
 d - 4 royal jellies


   Skills:
 + Level 5.1(4.4) Fighting
 * Level 9.6(8.8) Short Blades
 + Level 4.5(3.9) Armour
 * Level 12.6(11.8) Dodging
 * Level 13.7(12.8) Stealth
 * Level 10.8(10.0) Spellcasting
 + Level 3.9(3.3) Conjurations
 + Level 8.1(7.4) Hexes
 + Level 4.9(4.2) Ice Magic


You had 17 spell levels left.
You knew the following spells:

 Your Spells              Type           Power        Failure   Level  Hunger
a - Corona                Hex            #####..      1%          1    None
b - Ensorcelled Hibernat  Hex/Ice        ####..       1%          2    None
c - Confuse               Hex            #####...     1%          3    None
d - Tukima's Dance        Hex            #####...     1%          3    None
e - Dazzling Spray        Conj/Hex       ####..       2%          3    None


Dungeon Overview and Level Annotations

Branches:
Dungeon (1/1)

Altars:
Cheibriados
Dithmenos
Elyvilon
Gozag
Hepliaklqana
Kikubaaqudgha
Makhleb
Nemelex Xobeh
Okawaru
Qazlal
Ru
Sif Muna
Trog
Uskayaw
Vehumet
Wu Jian
Xom
Yredelemnul
Zin
The Shining One
Beogh
Jiyva
Lugonu

Shops:
D %*%?


Innate Abilities, Weirdness & Mutations

You are very small and have problems with some larger weapons.
You are too small for most types of armour.
You have supernaturally acute eyesight. (SInv)
You are a herbivore.
You cover ground extremely quickly.
You need consume almost no food.


Message History

You barely miss the spriggan druid.
The spriggan druid is heavily wounded.
The spriggan druid completely misses you.
You hit the spriggan druid but do no damage.
The spriggan druid is heavily wounded.
A tree reaches out and hits you!
Unknown command.
You barely miss the spriggan druid.
The spriggan druid is heavily wounded.
The spriggan druid completely misses you.
You hit the spriggan druid but do no damage.
The spriggan druid is heavily wounded.
A tree reaches out and hits you!
* * * LOW HITPOINT WARNING * * *
You emit a cloud of dark smoke.
You hit the spriggan druid but do no damage.
The spriggan druid is heavily wounded.
You feel roots moving beneath the ground.
You are hit by a branch!
You die...

#################################
..#.....#.⌠._._._._.⌠.#.[+)..#...
..'.#((.+.._._._._._..+..#)..#...
..#.#...#..._._._._...#..###+##..
######+##.._._._._._..#.(##∩∩.+..
....'...#._._._._._.⌠.###########
.%..#...###############
♣..######♣♣♣♣♣§§♣§#
#####.|'......♣§@♣
.......#♣..♣♣♣§♣§i#
.......#.♣♣..♣.§§♣'.
#####################


You could see a spriggan druid.

Vanquished Creatures
  2 oklob plants (D)
  A queen bee (D)
  3 wandering mushrooms (D)
  3 burning bushes (D)
  2 scorpions (D)
  4 killer bees (D)
  5 oklob saplings (D)
  A worker ant (D)
  2 spriggans (D)
  A river rat (D)
  A rat (D)
25 creatures vanquished.

Notes
Turn   | Place    | Note
-------+----------+-------------------------------------------
     0 | D        | Kidiri the Spriggan Enchanter began the quest for the Orb.
     0 | D        | Reached XP level 1. HP: 9/9 MP: 5/5
    17 | D        | Reached skill level 5 in Stealth
    17 | D        | Reached XP level 2. HP: 14/14 MP: 7/7
    69 | D        | Learned a level 2 spell: Ensorcelled Hibernation
    70 | D        | Noticed an oklob sapling
    71 | D        | Killed an oklob sapling
    71 | D        | Reached skill level 1 in Fighting
    71 | D        | Reached skill level 1 in Armour
    71 | D        | Reached XP level 3. HP: 18/18 MP: 9/9
    76 | D        | Learned a level 3 spell: Confuse
    80 | D        | Learned a level 3 spell: Tukima's Dance
   181 | D        | Found the amulet of invisibility {+Inv}
   182 | D        | Reached skill level 5 in Dodging
   182 | D        | Reached skill level 6 in Stealth
   182 | D        | Reached skill level 1 in Ice Magic
   222 | D        | Noticed an oklob sapling
   225 | D        | Killed an oklob sapling
   225 | D        | Reached XP level 4. HP: 23/23 MP: 7/11
   319 | D        | Found an opulent altar of Gozag.
   319 | D        | Found a hazy altar of Hepliaklqana.
   319 | D        | Found a roughly hewn altar of Beogh.
   319 | D        | Found a snail-covered altar of Cheibriados.
   320 | D        | Found a viscous altar of Jiyva.
   320 | D        | Found a burning altar of Makhleb.
   320 | D        | Found a sparkling altar of Nemelex Xobeh.
   320 | D        | Found a sacrificial altar of Ru.
   320 | D        | Found a deep blue altar of Sif Muna.
   320 | D        | Found a bloodstained altar of Trog.
   320 | D        | Found an ornate altar of the Wu Jian Council.
   320 | D        | Found a shimmering altar of Xom.
   320 | D        | Found a basalt altar of Yredelemnul.
   321 | D        | Found a shadowy altar of Dithmenos.
   321 | D        | Found an iron altar of Okawaru.
   321 | D        | Found a glowing silver altar of Zin.
   322 | D        | Found an ancient bone altar of Kikubaaqudgha.
   322 | D        | Found a hide-covered altar of Uskayaw.
   323 | D        | Found a white marble altar of Elyvilon.
   323 | D        | Found a stormy altar of Qazlal.
   323 | D        | Found a glowing golden altar of the Shining One.
   324 | D        | Found a corrupted altar of Lugonu.
   324 | D        | Found a radiant altar of Vehumet.
   329 | D        | Became a worshipper of Dithmenos the Shadowed
   331 | D        | Reached skill level 7 in Stealth
   331 | D        | Reached skill level 5 in Spellcasting
   471 | D        | Learned a level 3 spell: Dazzling Spray
   483 | D        | Reached skill level 5 in Hexes
   483 | D        | Reached XP level 5. HP: 26/26 MP: 11/14
   592 | D        | Reached * piety under Dithmenos
   592 | D        | Reached skill level 5 in Short Blades
   592 | D        | Reached skill level 8 in Stealth
   592 | D        | Reached skill level 1 in Conjurations
   608 | D        | Found Cuceuliag's General Store.
   608 | D        | Found Immif's Food Emporium.
   820 | D        | Noticed a burning bush
   820 | D        | Noticed a wandering mushroom
   821 | D        | Noticed a wandering mushroom
   824 | D        | Killed a wandering mushroom
   824 | D        | Reached ** piety under Dithmenos
   824 | D        | Reached skill level 10 in Stealth
   824 | D        | Reached XP level 6. HP: 18/32 MP: 12/17
   826 | D        | Killed a wandering mushroom
   826 | D        | Reached XP level 7. HP: 21/36 MP: 12/19
  1092 | D        | Killed a burning bush
  1092 | D        | Reached skill level 10 in Dodging
  1092 | D        | Reached skill level 11 in Stealth
  1153 | D        | Found Doatz's Food Shoppe.
  1154 | D        | Found Couhuuf's Magic Scroll Emporium.
  1224 | D        | Noticed a queen bee
  1241 | D        | Killed a queen bee
  1241 | D        | Reached *** piety under Dithmenos
  1241 | D        | Reached XP level 8. HP: 35/42 MP: 16/22
  1276 | D        | Reached **** piety under Dithmenos
  1276 | D        | Reached skill level 12 in Stealth
  1472 | D        | Noticed an oklob plant
  1475 | D        | Killed an oklob plant
  1494 | D        | Noticed a burning bush
  1497 | D        | Killed a burning bush
  1497 | D        | Reached skill level 10 in Spellcasting
  1507 | D        | Noticed a burning bush
  1507 | D        | Noticed an oklob plant
  1508 | D        | Noticed a wandering mushroom
  1509 | D        | Killed a burning bush
  1509 | D        | Reached ***** piety under Dithmenos
  1509 | D        | Reached skill level 13 in Stealth
  1509 | D        | Reached XP level 9. HP: 46/46 MP: 24/24
  1511 | D        | Killed an oklob plant
  1511 | D        | Reached skill level 5 in Fighting
  1513 | D        | Killed a wandering mushroom
  1548 | D        | Noticed a spriggan druid
  1583 | D        | Killed from afar by a spriggan druid

Vault maps used:
D:        dungeon_sprint_fedhas

Skill      XL: |  1  2  3  4  5  6  7  8  9 |
---------------+----------------------------+-----
Dodging        | 4 5 7 9 10 12 | 12.6
Stealth        | 5 6 7 10 11 13 | 13.7
Spellcasting   | 3 4 5 7 8 9 10 | 10.8
Hexes          | 4 5 6 7 8 |  8.1
Fighting       | 1 2 3 4 5 |  5.1
Short Blades   | 2 3 4 6 7 9 |  9.6
Armour         | 1 2 3 4 |  4.5
Ice Magic      | 1 2 3 4 |  4.9
Conjurations   | 1 2 3 |  3.9

Action                   |  1- 3 |  4- 6 |  7- 9 || total
-------------------------+-------+-------+-------++-------
Melee: Dagger            |    14 |    10 |    61 ||    85
       Rapier            |       |     2 |    33 ||    35
 Cast: Dazzling Spray    |       |     4 |    14 ||    18
       Confuse           |       |       |     9 ||     9
       Ensorcelled Hiber |       |       |     5 ||     5
Invok: Shadow Step       |       |       |     1 ||     1
 Abil: Evoke Invisibilit |     1 |     4 |     1 ||     6
  Use: Potion            |     1 |       |     2 ||     3
       Scroll            |       |       |     2 ||     2
 Stab: Sleeping          |     3 |     4 |     9 ||    16
       Invisible         |       |     3 |     3 ||     6
       Confused          |       |       |     3 ||     3
  Eat: Bread ration      |       |       |     1 ||     1
Armor: Robe              |       |       |     3 ||     3
Dodge: Dodged            |    10 |    17 |    74 ||   101

Table legend:
 A = Spawn XP
 B = Non-spawn XP
 C = Spawn XP percentage of total XP
 D = Spawn monster count
 E = Non-spawn monster count
 F = Spawn count percentage of total count
 G = Total turns spent on level
                    A         B        C        D         E        F      G
               +---------+---------+-------+---------+---------+-------+---------
         Total |       0 |    3983 |   0.0 |       0 |      25 |   0.0 |  1583
               +---------+---------+-------+---------+---------+-------+---------
             D |       0 |    3983 |   0.0 |       0 |      25 |   0.0 |  1583
               +---------+---------+-------+---------+---------+-------+---------
